 Dungeon Crawl Stone Soup version 0.26.1-11-gd32895ea62 (webtiles) character file.

Game seed: 16287732539903835706

3615 adizb the Fighter (level 10, -3/81 HPs)
             Began as a Gnoll Wanderer on June 25, 2021.
             Was an Initiate of Dithmenos.
             Slain by a two-headed ogre
             ... wielding a +0 dire flail
              (10 damage)
             ... on level 8 of the Dungeon.
             The game lasted 01:27:30 (7396 turns).

adizb the Fighter (Gnoll Wanderer)                  Turns: 7396, Time: 01:27:30

Health: -3/81      AC:  8    Str: 17    XL:     10   Next: 11%
Magic:  17/17      EV: 16    Int: 15    God:    Dithmenos [......]
Gold:   364        SH:  8    Dex: 20    Spells: 19/19 levels left

rFire    + + .     SeeInvis .   p - +9 whip of Vycyingan {vorpal, rF+ Will- Dex+5 Stlth+}
rCold    . . .     Faith    +   n - +2 buckler
rNeg     . . .     Spirit   .   O - +2 robe {Will+}
rPois    .         Reflect  .   G - +0 helmet
rElec    .         Harm     .   (no cloak)
rCorr    .         Rampage  .   h - +0 pair of gloves
Will     .....                  C - +0 pair of boots
Stlth    ++++......             Y - amulet of faith
HPRegen  0.23/turn              (no ring)
MPRegen  0.15/turn              J - ring of protection from fire

@: no status effects
A: distributed training, fangs 1, strong nose
a: Renounce Religion


You were on level 8 of the Dungeon.
You worshipped Dithmenos.
Dithmenos was noncommittal.
You visited 1 branch of the dungeon, and saw 8 of its levels.
You also visited: Sewer and Ossuary.

You collected 364 gold pieces.

Inventory:

Hand Weapons
 a - a +2 dagger
 g - a +3 short sword
 i - a +2 dagger of freezing
 p - the +9 whip of Vycyingan (weapon) {vorpal, rF+ Will- Dex+5 Stlth+}
   (You found it on level 4 of the Dungeon)

   It inflicts extra damage upon your enemies.
   It affects your dexterity (+5).
   It protects you from fire.
   It affects your willpower, your defense against some magical effects.
   It makes you more stealthy.
 y - a +0 falchion
 z - a +0 hunting sling
 A - a +0 trident
 M - a +2 vorpal flail
 Z - a +2 dagger of distortion
Missiles
 c - 73 arrows
 l - 70 stones
 o - 128 sling bullets
 B - 14 atropa-tipped darts
 H - 17 poisoned darts (quivered)
 N - a throwing net
Armour
 h - a +0 pair of gloves (worn)
 n - a +2 buckler (worn)
 u - a +4 scale mail
 C - a +0 pair of boots (worn)
 G - a +0 helmet (worn)
 O - a +2 robe of willpower (worn)
Magical Staves
 w - an uncursed staff of fire
Jewellery
 J - a ring of protection from fire (right hand)
 V - an uncursed amulet of guardian spirit
 Y - an amulet of faith (around neck)
Wands
 e - a wand of random effects (26)
 D - a wand of acid (20)
 U - a wand of enslavement (5)
Scrolls
 b - 3 scrolls of blinking
 j - 2 scrolls of teleportation
 k - a scroll of magic mapping
 q - 4 scrolls of immolation
 x - 2 scrolls of fear
 E - 3 scrolls of enchant armour {unknown}
 R - a scroll of holy word {unknown}
 S - a scroll of silence {unknown}
 T - a scroll of fog {unknown}
 W - a scroll of remove curse
 X - a scroll of brand weapon {unknown}
Potions
 d - 10 potions of curing
 f - 5 potions of attraction
 m - a potion of haste {unknown}
 r - a potion of magic {unknown}
 s - 3 potions of flight {unknown}
 t - 6 potions of mutation {unknown}
 v - 4 potions of brilliance {unknown}
 F - a potion of heal wounds
 I - 2 potions of invisibility {unknown}
 K - a potion of resistance {unknown}
 L - a potion of might {unknown}
 P - a potion of cancellation {unknown}
 Q - a potion of lignification {unknown}


   Skills:
 + Level 8.3 Fighting
 + Level 6.8 Short Blades
 + Level 5.0 Long Blades
 + Level 5.0 Axes
 + Level 5.0 Maces & Flails
 + Level 5.0 Polearms
 + Level 5.0 Staves
 + Level 5.0 Slings
 + Level 5.0 Bows
 + Level 5.0 Crossbows
 + Level 5.6 Throwing
 + Level 5.0 Armour
 + Level 5.6 Dodging
 + Level 5.5 Stealth
 + Level 5.6 Shields
 + Level 5.6 Unarmed Combat
 + Level 5.0 Spellcasting
 + Level 4.1 Conjurations
 + Level 4.1 Hexes
 + Level 4.1 Summonings
 + Level 4.1 Necromancy
 + Level 4.1 Translocations
 + Level 4.1 Transmutations
 + Level 4.1 Fire Magic
 + Level 4.1 Ice Magic
 + Level 4.1 Air Magic
 + Level 4.1 Earth Magic
 + Level 4.1 Poison Magic
 + Level 5.4 Invocations
 + Level 5.0 Evocations


You had 19 spell levels left.
You didn't know any spells.
Your spell library contained the following spells:

 Spells                   Type           Power        Failure   Level
 Magic Dart               Conj           64%          3%          1
 Blink                    Tloc           N/A          4%          2
 Call Imp                 Summ           16%          4%          2
 Slow                     Hex            16%          4%          2
 Conjure Flame            Conj/Fire      16%          9%          3
 Mephitic Cloud           Conj/Pois/Air  16%          9%          3


Dungeon Overview and Level Annotations

Branches:
Dungeon (8/15)             Temple (0/1) D:7           Sewer (visited)
Ossuary (visited)
   Lair: D:8-11

Altars:
Dithmenos
Fedhas
Kikubaaqudgha
Nemelex Xobeh
Okawaru
Qazlal
Xom
The Shining One


Innate Abilities, Weirdness & Mutations

Your experience applies equally to all skills.
You have very sharp teeth.
Your uncanny sense of smell can sniff out nearby items.


Message History

You hit the white imp.
The white imp is almost dead.
The white imp hits you. The white imp freezes you.
You hit the white imp.
You kill the white imp!
Dithmenos accepts your kill.
Found a twisted bronze ring.
d - 11 potions of curing (gained 1)
A two-headed ogre comes into view.
It is wielding a +0 dire flail and a +0 giant spiked club.
The helpless two-headed ogre fails to defend itself.
You hit the two-headed ogre.
The two-headed ogre is lightly wounded.
The two-headed ogre hits you with a +0 dire flail!
The two-headed ogre hits you with a +0 giant spiked club!
* * * LOW HITPOINT WARNING * * *
You feel better.
The two-headed ogre hits you with a +0 dire flail!
* * * LOW HITPOINT WARNING * * *
The two-headed ogre hits you with a +0 giant spiked club!
You die...

.
.........#....#........
#.##....##...###...##.#
#.##....##...###'####.#
#........#.....#.......
#........#.....#.......
#........#.....#.......
#........#.....#.......
#......O.#.....'.......
#..@# #....#########
##...###....###
#.............# ∆
#.............#
#.............#
#.............#
#.............#
+.............+
##...##.##...##


You could see a two-headed ogre.

Vanquished Creatures
  Psyche (D:8)
  Eustachio (D:5)
  Edmund (D:5)
  Duvessa (D:4)
  2 sky beasts
  An ice beast (D:7)
  3 ogres
  A phantom (D:5)
  A big kobold (Sewer)
  A gnoll sergeant (D:6)
  Dowan (D:4)
  6 scorpions (Ossuary)
  5 killer bees (D:7)
  4 wights (D:8)
  2 electric eels (D:7)
  7 centaur zombies
  6 orc priests
  3 hounds
  A jelly (D:7)
  A bullfrog skeleton (D:3)
  A bullfrog zombie (D:4)
  2 human zombies (Ossuary)
  9 orc wizards
  A worker ant (D:6)
  A killer bee zombie (D:7)
  3 big kobold zombies (Ossuary)
  A hound skeleton (D:4)
  3 mummies (Ossuary)
  Robin (D:4)
  5 adders
  5 gnolls (D:6)
  A river rat (Sewer)
  6 scorpion zombies (Ossuary)
  A shadow imp (D:5)
  2 white imps
  An ufetubus (D:7)
  2 oozes
  2 adder skeletons
  2 adder zombies (D:7)
  3 worms
  3 dart slugs
  3 leopard geckos
  26 orcs
  A ball python (D:3)
  12 giant cockroaches
  15 goblins
  4 hobgoblins
  9 jackals
  10 kobolds
  A quokka (D:2)
  7 bats
  4 frilled lizards
  2 goblin zombies (Ossuary)
  4 orc zombies (Ossuary)
  11 rats
  A butterfly (D:7)
214 creatures vanquished.

Vanquished Creatures (others)
  2 jackals (D:7)
2 creatures vanquished.

Grand Total: 216 creatures vanquished

Notes
Turn   | Place    | Note
-------+----------+-------------------------------------------
     0 | D:1      | adizb the Gnoll Wanderer began the quest for the Orb.
     0 | D:1      | adizb set off with the following items: a +2 dagger, a
                  | scroll of blinking, a +0 short sword, a potion of curing, a
                  | +0 robe
     0 | D:1      | Reached XP level 1. HP: 23/23 MP: 1/1
   157 | D:1      | Reached XP level 2. HP: 26/29 MP: 2/2
   580 | D:1      | Reached XP level 3. HP: 31/35 MP: 3/3
  1046 | D:2      | Found an iron altar of Okawaru.
  1096 | D:2      | Reached skill level 1 in Invocations
  1140 | D:2      | Found a blossoming altar of Fedhas.
  1305 | D:2      | Reached skill level 1 in Long Blades
  1305 | D:2      | Reached skill level 1 in Axes
  1305 | D:2      | Reached skill level 1 in Maces & Flails
  1305 | D:2      | Reached skill level 1 in Polearms
  1305 | D:2      | Reached skill level 1 in Staves
  1305 | D:2      | Reached skill level 1 in Slings
  1305 | D:2      | Reached skill level 1 in Bows
  1305 | D:2      | Reached skill level 1 in Crossbows
  1305 | D:2      | Reached skill level 1 in Armour
  1305 | D:2      | Reached skill level 1 in Spellcasting
  1305 | D:2      | Reached skill level 1 in Evocations
  1695 | D:3      | Found a glowing drain.
  1708 | D:2      | Reached XP level 4. HP: 41/41 MP: 5/5
  1756 | D:3      | Reached skill level 1 in Conjurations
  1756 | D:3      | Reached skill level 1 in Hexes
  1756 | D:3      | Reached skill level 1 in Summonings
  1756 | D:3      | Reached skill level 1 in Necromancy
  1756 | D:3      | Reached skill level 1 in Translocations
  1756 | D:3      | Reached skill level 1 in Transmutations
  1756 | D:3      | Reached skill level 1 in Fire Magic
  1756 | D:3      | Reached skill level 1 in Ice Magic
  1756 | D:3      | Reached skill level 1 in Air Magic
  1756 | D:3      | Reached skill level 1 in Earth Magic
  1756 | D:3      | Reached skill level 1 in Poison Magic
  1788 | Sewer    | Entered a sewer
  1795 | Sewer    | Reached XP level 5. HP: 33/47 MP: 6/6
  1827 | Sewer    | Noticed a big kobold
  1896 | Sewer    | Killed a big kobold
  1927 | Sewer    | Found a white marble altar of Elyvilon.
  1938 | Sewer    | Became a worshipper of Elyvilon the Healer
  2005 | D:3      | You fall into a shaft and drop 1 floor!
  2054 | D:4      | Reached XP level 6. HP: 31/53 MP: 8/8
  2352 | D:3      | Reached skill level 5 in Short Blades
  2489 | D:3      | Found a faded altar of an unknown god.
  2607 | D:3      | Reached * piety under Elyvilon
  2811 | D:3      | Found a sparkling altar of Nemelex Xobeh.
  3193 | D:3      | Reached XP level 7. HP: 19/59 MP: 10/10
  3434 | D:4      | Got an ancient whip
  3440 | D:4      | Identified the +9 whip of Vycyingan {vorpal, rF+ Will-
                  | Dex+5 Stlth+} (You found it on level 4 of the Dungeon)
  3532 | D:4      | Noticed Duvessa
  3532 | D:4      | Noticed Dowan
  3539 | D:4      | Killed Duvessa
  3539 | D:4      | Killed Dowan
  3540 | D:4      | Reached skill level 7 in Fighting
  3590 | D:4      | Noticed Robin
  3604 | D:4      | Killed Robin
  3636 | D:4      | Found a glowing golden altar of the Shining One.
  3950 | D:4      | Reached ** piety under Elyvilon
  4203 | D:4      | Reached XP level 8. HP: 55/67 MP: 12/12
  4281 | D:5      | Entered Level 5 of the Dungeon
  4855 | D:5      | Noticed Eustachio
  4869 | D:5      | Killed Eustachio
  5070 | D:5      | Noticed Edmund
  5086 | D:5      | Killed Edmund
  5164 | D:5      | Reached *** piety under Elyvilon
  5834 | D:7      | Reached XP level 9. HP: 73/73 MP: 14/14
  5834 | D:7      | Found a shimmering altar of Xom.
  5842 | D:7      | Reached **** piety under Elyvilon
  5909 | D:7      | Found a staircase to the Ecumenical Temple.
  5912 | D:7      | Found a shimmering altar of Xom.
  6068 | D:7      | Found a sand-covered staircase.
  6079 | Ossuary  | Entered an ossuary
  6107 | Ossuary  | Reached skill level 5 in Throwing
  6107 | Ossuary  | Reached skill level 5 in Dodging
  6107 | Ossuary  | Reached skill level 5 in Shields
  6107 | Ossuary  | Reached skill level 5 in Unarmed Combat
  6246 | Ossuary  | Reached skill level 5 in Stealth
  6310 | Ossuary  | Reached skill level 8 in Fighting
  6375 | Ossuary  | Reached skill level 5 in Invocations
  6570 | D:7      | Found a shadowy altar of Dithmenos.
  6580 | D:7      | Fell from the grace of Elyvilon
  6580 | D:7      | Became a worshipper of Dithmenos the Shadowed
  6887 | D:7      | Found a stormy altar of Qazlal.
  6887 | D:7      | Found an ancient bone altar of Kikubaaqudgha.
  7128 | D:8      | Noticed Psyche
  7264 | D:8      | Killed Psyche
  7265 | D:8      | Reached XP level 10. HP: 45/80 MP: 13/17
  7352 | D:8      | Reached skill level 5 in Long Blades
  7352 | D:8      | Reached skill level 5 in Axes
  7352 | D:8      | Reached skill level 5 in Maces & Flails
  7352 | D:8      | Reached skill level 5 in Polearms
  7352 | D:8      | Reached skill level 5 in Staves
  7352 | D:8      | Reached skill level 5 in Slings
  7352 | D:8      | Reached skill level 5 in Bows
  7352 | D:8      | Reached skill level 5 in Crossbows
  7352 | D:8      | Reached skill level 5 in Armour
  7352 | D:8      | Reached skill level 5 in Spellcasting
  7352 | D:8      | Reached skill level 5 in Evocations
  7392 | D:8      | Noticed a two-headed ogre
  7396 | D:8      | Slain by a two-headed ogre

Illustrated notes

Levels and vault maps discovered:
D:1:      noname_arrival_rooms_in_the_neighbourhood, layout_basic
D:2:      layout_rooms, fedhas_altar_4, okawaru_metal_pillars_3
D:3:      layout_loops_cross, chequers_ecumenical_altar_simple_redux,
          gup_sewer_entry_glass, st_stairs_11, nemelex_dance_club_becter
D:4:      layout_layer_cave, nicolae_tso_carved_into_rock, uniq_robin,
          uniq_duvessa
D:5:      layout_loops_corners, uniq_eustachio, uniq_edmund
D:6:      layout_loops_ring
D:7:      layout_loops_ring, xom_butterflies,
          gammafunk_temple_overflow_elements, temple_fountains,
          chequers_ossuary_entry_cave, basic_altar, fountainhead, minmay_holes,
          minivault_14, xom_teletrap_fun
D:8:      layout_gridville, uniq_psyche

Skill      XL: |  1  2  3  4  5  6  7  8  9 10 |
---------------+-------------------------------+-----
Invocations    | 1 2 3 4 5 |  5.4
Long Blades    | 1 2 3 4 5 |  5.0
Axes           | 1 2 3 4 5 |  5.0
Maces & Flails | 1 2 3 4 5 |  5.0
Polearms       | 1 2 3 4 5 |  5.0
Staves         | 1 2 3 4 5 |  5.0
Slings         | 1 2 3 4 5 |  5.0
Bows           | 1 2 3 4 5 |  5.0
Crossbows      | 1 2 3 4 5 |  5.0
Armour         | 1 2 3 4 5 |  5.0
Spellcasting   | 1 2 3 4 5 |  5.0
Evocations     | 1 2 3 4 5 |  5.0
Conjurations   | 1 2 3 4 |  4.1
Hexes          | 1 2 3 4 |  4.1
Summonings     | 1 2 3 4 |  4.1
Necromancy     | 1 2 3 4 |  4.1
Translocations | 1 2 3 4 |  4.1
Transmutations | 1 2 3 4 |  4.1
Fire Magic     | 1 2 3 4 |  4.1
Ice Magic      | 1 2 3 4 |  4.1
Air Magic      | 1 2 3 4 |  4.1
Earth Magic    | 1 2 3 4 |  4.1
Poison Magic   | 1 2 3 4 |  4.1
Throwing       | 3 4 5 |  5.6
Dodging        | 3 4 5 |  5.6
Shields        | 3 4 5 |  5.6
Unarmed Combat | 3 4 5 |  5.6
Stealth        | 3 4 5 |  5.5
Short Blades   | 5 6 |  6.8
Fighting       | 7 8 |  8.3

Action                   |  1- 3 |  4- 6 |  7- 9 | 10-12 || total
-------------------------+-------+-------+-------+-------++-------
Melee: Dagger            |   110 |   138 |       |       ||   248
       Punch             |     5 |     2 |     1 |       ||     8
       Bite              |    13 |    32 |    52 |     1 ||    98
       Whip              |    37 |   146 |   360 |    21 ||   564
       Falchion          |     4 |    17 |       |       ||    21
       Trident           |       |    13 |       |       ||    13
       Short sword       |       |       |    15 |       ||    15
 Fire: Hunting sling     |       |    10 |       |       ||    10
Throw: Stone             |    18 |       |    19 |       ||    37
       Dart              |       |       |     9 |       ||     9
Invok: Lesser Healing    |       |     2 |     1 |       ||     3
Evoke: Wand              |       |       |     4 |       ||     4
  Use: Scroll            |       |     6 |     9 |     1 ||    16
       Potion            |       |       |     2 |     1 ||     3
 Stab: Sleeping          |       |       |    10 |     1 ||    11
       Distracted        |       |       |     1 |       ||     1
Armor: Ring mail         |    17 |       |       |       ||    17
       Robe              |     9 |       |       |     2 ||    11
       Scale mail        |    20 |   150 |   112 |       ||   282
Dodge: Dodged            |    79 |   163 |   152 |     8 ||   402
Block: Buckler           |       |       |    79 |     4 ||    83
       Rpst.: Falchion   |     1 |     1 |       |       ||     2
